 Dungeon Crawl Stone Soup version 0.23.2-40-g277498a001 (webtiles) character file.

Game seed: 5280274002990635108

108 pleasedontlookatme the Shield-Bearer (level 5, 0/41 HPs)
             Began as a Human Fighter on Sept 18, 2019.
             Succumbed to an adder's poison
             ... on level 2 of the Dungeon on Sept 19, 2019.
             The game lasted 00:27:15 (2190 turns).

pleasedontlookatme the Shield-Bearer (HuFi)         Turns: 2190, Time: 00:27:15

Health: 0/41       AC:  7    Str: 17    XL:     5   Next: 12%
Magic:  5/5        EV:  7    Int:  8    God:
Gold:   136        SH:  9    Dex: 13    Spells: 4/4 levels left

rFire    . . .     SeeInvis +   j - +2 mace
rCold    . . .     Gourm    .   c - +0 shield
rNeg     . . .     Faith    .   b - +1 scale mail
rPois    .         Spirit   .   (no helmet)
rElec    .         Reflect  .   (no cloak)
rCorr    .         Harm     .   (no gloves)
MR       .....                  (no boots)
Stlth    ..........             (no amulet)
HPRegen  0.13/turn              l - ring of see invisible
MPRegen  0.09/turn              m - ring of wizardry

@: lethally poisoned (0 -> 0), very slow
A: no striking features
a: no special abilities


You were on level 2 of the Dungeon.
You were very full.

You visited 1 branch of the dungeon, and saw 2 of its levels.

You collected 136 gold pieces.

Inventory:

Hand Weapons
 a - a +0 war axe
 e - a +0 club
 j - a +2 mace (weapon)
Armour
 b - a +1 scale mail (worn)
 c - a +0 shield (worn)
 g - a +0 scale mail
Jewellery
 l - a ring of see invisible (left hand)
 m - a ring of wizardry (right hand)
Potions
 h - 2 potions of brilliance
 i - a potion of mutation {unknown}
 k - a potion of agility {unknown}
Comestibles
 f - a ration


   Skills:
 + Level 3.6 Fighting
 + Level 2.7(2.9) Axes
 + Level 1.2(2.1) Maces & Flails
 + Level 3.4 Armour
 + Level 0.5 Dodging
 + Level 0.3 Stealth
 + Level 3.7 Shields


You had 4 spell levels left.
You didn't know any spells.
Your spell library was empty.

Dungeon Overview and Level Annotations

Branches:
Dungeon (2/15)

Altars:


Message History

You block the jackal's attack.
The jackal bites you but does no damage.
You block the jackal's attack.
The giant cockroach bites you but does no damage.
You hit the giant cockroach but do no damage.
The giant cockroach is almost dead.
You feel sick.
The jackal bites you but does no damage. x2
The giant cockroach bites you but does no damage.
The jackal bites you but does no damage. x2
The giant cockroach splashes around in the water.
Your unstable footing causes you to fumble your attack.
The jackal bites you but does no damage. x2
The giant cockroach bites you.
* * * LOW HITPOINT WARNING * * *
The jackal bites you but does no damage.
The jackal splashes around in the water.
Your shield and scale mail prevent you from hitting the giant cockroach.
The giant cockroach is severely wounded.
You die...

######## .......#
.#####.# ....##.#
######## #######
##P.P.≈### ###h≈≈≈≈≈≈
#....≈≈≈≈## ##≈@s≈≈≈≈≈≈
.P..≈≈≈≈#.####.#≈h≈≈≈≈≈≈
P..≈######....######≈≈≈≈
...≈≈≈≈# #....# ≈≈≈
...≈≈≈≈# #....# r
PP≈≈#### #....# .≈≈≈≈≈≈≈
##''## ..≈≈≈≈≈≈ #..#
.P.≈≈≈≈#####'###


You could see a quokka, 2 jackals and a giant cockroach.

Vanquished Creatures
  Jessica (D:2)
  Robin (D:2)
  3 adders (D:2)
  A dart slug (D:1)
  2 leopard geckos
  2 bats (D:1)
  A giant cockroach (D:1)
  14 goblins (D:2)
  4 hobgoblins
  A jackal (D:2)
  A frilled lizard (D:1)
  3 kobolds
  5 rats
  4 bushes (D:1)
  A plant (D:1)
44 creatures vanquished.

Notes
Turn   | Place    | Note
-------+----------+-------------------------------------------
     0 | D:1      | pleasedontlookatme the Human Fighter began the quest for
                  | the Orb.
     0 | D:1      | Reached XP level 1. HP: 18/18 MP: 1/1
   475 | D:1      | Reached XP level 2. HP: 24/24 MP: 2/2
  1346 | D:2      | Reached XP level 3. HP: 26/29 MP: 3/3
  1361 | D:2      | Noticed Jessica
  1369 | D:2      | Killed Jessica
  1369 | D:2      | Reached XP level 4. HP: 31/35 MP: 4/4
  1576 | D:2      | Noticed Robin
  1622 | D:2      | Reached skill level 1 in Maces & Flails
  1626 | D:2      | Killed Robin
  1626 | D:2      | Reached XP level 5. HP: 4/41 MP: 5/5
  2188 | D:2      | HP: 2/41 [poisoned by an adder]
  2190 | D:2      | Succumbed to an adder's poison

Skill      XL: |  1  2  3  4 |
---------------+-------------+-----
Maces & Flails | 1 |  1.2
Fighting       | |  3.6
Axes           | |  2.7
Armour         | |  3.4
Dodging        | |  0.5
Stealth        | |  0.3
Shields        | |  3.7

Action                   |  1- 3 |  4- 6 || total
-------------------------+-------+-------++-------
Melee: War axe           |   203 |       ||   203
       Mace              |    13 |   104 ||   117
  Use: Scroll            |     7 |     2 ||     9
       Potion            |     1 |     1 ||     2
  Eat: Ration            |     1 |     3 ||     4
Armor: Scale mail        |    34 |   105 ||   139
Dodge: Dodged            |    16 |    54 ||    70
Block: Shield            |    31 |    99 ||   130
